AoeStats
← ^_^

Arena

510248724Analyzed
4v4 RM · 2d ago on Sep 30, 2026· 48m 44s· 8 players
Game mode
Random Map
Map size
Large (8 player)
Population
200
Speed
Normal
Resources
Standard
Victory
Conquest
Starting age
Dark Age
Ending age
Imperial Age
RankedLock teamsTeams togetherTeam positionsShared explorationLock speedFull tech treeHidden civsTurbo modeCheats
Victory
Defeat
🇨🇳 Huns · China
1196
+15
🇵🇪 Teutons · Peru
1196
+15
🇨🇳 Shu · China
1127
+18
🇺🇸 Britons · United States
1118
+18
🇲🇽 Turks · Mexico
1204
-19
🇲🇽 Hindustanis · Mexico
1191
-17
🇲🇽 Spanish · Mexico
1183
-17
🇲🇽 Maya · Mexico
1077
-13
JorDelOrd
10:33 Feudal Age
11:34 Loom
14:27 Castle Age
14:10 Double-Bit Axe
16:19 Fletching
22:43 Squires
24:05 Town Watch
26:10 Bow Saw
28:12 Horse Collar
28:59 Heavy Plow
30:09 Scale Mail Armor
31:09 Arson
33:38 Wheelbarrow
35:43 Imperial Age
34:42 Masonry
36:28 Chain Mail Armor
36:41 Forging
38:19 Plate Mail Armor
38:58 Ballistics
39:57 Iron Casting
43:39 Wheelbarrow
46:38 Blast Furnace
46:57 Crop Rotation
49:07 Chemistry
49:33 Hoardings
49:20 Crenellations
50:12 Two-Man Saw
fatmuddybear
10:44 Feudal Age
15:03 Castle Age
13:15 Double-Bit Axe
13:33 Gold Mining
13:39 Horse Collar
19:26 Heavy Plow
19:55 Fletching
21:25 Bodkin Arrow
21:58 Bodkin Arrow
23:44 Padded Archer Armor
24:35 Wheelbarrow
25:09 Crossbowman
27:04 Hand Cart
27:51 Leather Archer Armor
32:21 Town Watch
41:51 Imperial Age
39:07 Loom
39:23 Town Patrol
40:34 Ballistics
40:25 Fortified Wall
41:09 Gold Shaft Mining
40:26 Stone Mining
41:57 Arbalester
43:41 Chemistry
43:33 Coinage
45:04 Banking
46:15 Conscription
46:26 Yeomen
47:52 Bow Saw
49:58 Two-Man Saw
casuai
4:16 Loom
10:15 Feudal Age
11:48 Town Watch
12:48 Double-Bit Axe
15:15 Castle Age
13:40 Horse Collar
35:53 Town Patrol
36:28 Wheelbarrow
40:12 Imperial Age
38:41 Heavy Plow
38:07 Elite Skirmisher
39:37 Fletching
39:49 Padded Archer Armor
41:19 Conscription
41:06 Bodkin Arrow
43:58 Bracer
44:16 Leather Archer Armor
44:35 Ballistics
45:16 Chemistry
44:29 Scale Mail Armor
44:39 Forging
45:09 Bow Saw
44:45 Pikeman
45:26 Squires
45:11 Arson
46:42 Bolt Magazine
46:46 Coiled Serpent Array
47:29 Ring Archer Armor
47:14 Chain Mail Armor
47:54 Halberdier
49:54 Plate Mail Armor
^_^
10:38 Feudal Age
14:52 Castle Age
12:41 Double-Bit Axe
12:42 Horse Collar
30:19 Imperial Age
27:35 Loom
28:26 Wheelbarrow
27:37 Town Watch
28:03 Scale Barding Armor
28:09 Forging
28:41 Bow Saw
29:17 Forging
29:27 Chain Barding Armor
29:11 Heavy Plow
29:30 Gold Mining
29:30 Stone Mining
30:57 Iron Casting
31:07 Elite Tarkan
32:16 Bloodlines
32:06 Husbandry
32:19 Marauders
32:56 Plate Barding Armor
33:21 Blast Furnace
32:30 Elite Tarkan
33:31 Conscription
34:43 Hand Cart
34:40 Light Cavalry
36:40 Hussar
38:03 Town Patrol
Hogos
10:49 Feudal Age
15:07 Castle Age
17:31 Loom
17:32 Double-Bit Axe
21:12 Horse Collar
22:19 Fletching
25:52 Bodkin Arrow
27:11 Bloodlines
27:02 Husbandry
27:08 Scale Barding Armor
27:14 Forging
29:35 Wheelbarrow
34:30 Imperial Age
32:59 Chain Barding Armor
36:30 Plate Barding Armor
GianpaMX
11:26 Feudal Age
15:01 Castle Age
13:39 Double-Bit Axe
13:37 Horse Collar
16:23 Bow Saw
20:36 Fervor
20:45 Heavy Plow
23:14 Stone Mining
28:08 Imperial Age
25:56 Gold Mining
26:41 Stone Shaft Mining
26:31 Forging
27:16 Gold Shaft Mining
28:15 Iron Casting
28:08 Bloodlines
30:03 Blast Furnace
29:09 Scale Barding Armor
34:36 Two-Man Saw
33:08 Elite Skirmisher
33:40 Fletching
35:26 Chain Barding Armor
35:37 Husbandry
36:11 Conscription
37:12 Plate Barding Armor
37:09 Heavy Camel Rider
38:55 Thumb Ring
39:08 Bodkin Arrow
40:01 Ballistics
40:42 Chemistry
40:40 Wheelbarrow
39:50 Town Watch
39:52 Loom
40:20 Light Cavalry
43:07 Grand Trunk Road
44:19 Bracer
44:20 Padded Archer Armor
44:12 Imperial Camel Rider
goji_1111
8:17 Loom
10:44 Feudal Age
15:17 Castle Age
13:17 Double-Bit Axe
16:26 Fletching
17:09 Bodkin Arrow
22:15 Padded Archer Armor
28:43 Stone Mining
28:44 Gold Mining
33:46 Leather Archer Armor
36:14 Forging
36:42 Wheelbarrow
40:31 Iron Casting
41:12 Scale Barding Armor
41:35 Hand Cart
41:03 Horse Collar
42:25 Stone Shaft Mining
42:24 Heavy Plow
42:57 Bow Saw
43:15 Chain Barding Armor
47:28 Imperial Age
45:16 Hand Cart
46:25 Bloodlines
45:35 Light Cavalry
HunabKu
0:34 Loom
12:11 Feudal Age
13:14 Horse Collar
13:22 Double-Bit Axe
18:39 Castle Age
16:53 Gold Mining
19:37 Heavy Plow
19:51 Bow Saw
23:52 Wheelbarrow
29:27 Hand Cart
31:58 Imperial Age
29:45 Fortified Wall
30:15 Forging
30:06 Scale Mail Armor
29:31 Pikeman
30:12 Squires
32:30 Iron Casting
32:15 Halberdier
33:55 Crop Rotation
34:49 Two-Man Saw
35:25 Blast Furnace
40:46 Chain Mail Armor
41:40 Ballistics
44:00 Eagle Warrior
Connection lost

Rejoining the realm…

Still unreachable

The connection could not be restored.

Session expired

The server has moved on; the page needs a fresh start.